 Dungeon Crawl Stone Soup version 0.21.1-1-g345015f (webtiles) character file.

217 Lilu the Conjurer (level 5, -12/28 HPs)
             Began as a Deep Elf Conjurer on July 31, 2018.
             Mangled by nicolaieve's ghost (13 damage)
             ... on level 4 of the Dungeon.
             The game lasted 00:12:16 (2929 turns).

Lilu the Conjurer (Deep Elf Conjurer)               Turns: 2929, Time: 00:12:17

Health: -12/28     AC:  3    Str:  6    XL:     5   Next: 61%
Magic:  9/11       EV: 13    Int: 20    God:
Gold:   204        SH:  0    Dex: 19    Spells: 3/10 levels left

rFire    . . .     SeeInvis .   m - +4 spear (freeze)
rCold    . . .     Gourm    .   (no shield)
rNeg     . . .     Faith    .   a - +0 robe
rPois    .         Spirit   .   n - +0 helmet
rElec    .         Reflect  .   (no cloak)
rCorr    .         Harm     +   (no gloves)
MR       .....                  (no boots)
Stlth    ++........             l - amulet of harm
HPRegen  0.09/turn              e - +4 ring of dexterity
MPRegen  0.12/turn              (no ring)

@: very slightly contaminated
A: no striking features
a: no special abilities


You were on level 4 of the Dungeon.
You were hungry.

You visited 1 branch of the dungeon, and saw 4 of its levels.

You collected 204 gold pieces.

Inventory:

Hand Weapons
 m - a +4 spear of freezing (weapon)
Armour
 a - a +0 robe (worn)
 n - a +0 helmet (worn)
Jewellery
 e - a +4 ring of dexterity (left hand)
 l - an amulet of harm (around neck)
 s - an uncursed amulet of rage {unknown}
Wands
 q - a wand of acid (12)
Scrolls
 h - 4 scrolls of magic mapping
 k - a scroll of amnesia
 r - a scroll of noise {unknown}
Potions
 d - 2 potions of curing {unknown}
 g - a potion of heal wounds {unknown}
 i - 2 potions of degeneration {unknown}
 j - a potion of flight {unknown}
 o - a potion of might {unknown}
 p - a potion of agility {unknown}
Books
 b - a book of Conjurations

   Spells                             Type                      Level
   a - Magic Dart                     Conjuration                  1
   b - Searing Ray                    Conjuration                  2
   c - Dazzling Spray                 Conjuration/Hexes            3
   d - Fulminant Prism                Conjuration/Hexes            4
   e - Force Lance                    Conjuration/Translocation    4
   f - Iskenderun's Mystic Blast      Conjuration                  4
Comestibles
 c - 8 rations
 f - a chunk of flesh


   Skills:
 - Level 2.4 Dodging
 - Level 2.4 Stealth
 - Level 3.0 Spellcasting
 + Level 7.6 Conjurations


You had 3 spell levels left.
You knew the following spells:

 Your Spells              Type           Power        Failure   Level  Hunger
a - Magic Dart            Conj           ####         1%          1    None
b - Searing Ray           Conj           ####..       1%          2    ##.....
c - Iskenderun's Mystic   Conj           ####....     6%          4    ####...


Dungeon Overview and Level Annotations

Branches:
Dungeon (4/15)
 Temple: D:4-7

Altars:

Annotations:
D:4 nicolaieve's ghost, novice MiBe


Message History

You see here a leather armour.
You see here a leather armour.
A hound comes into view.
Nicolaieve's ghost yells, "Who would have thought, even in death it is a pleasure to sever!"
You see here a leather armour.
Nicolaieve's ghost hits you.
Casting: Searing Ray
Confirm with . or Enter, or press ? or * to list all spells.
Aiming: Searing Ray
Press: ? - help, Shift-Dir - straight line, f/p - nicolaieve's ghost
Aim: nicolaieve's ghost (heavily damaged)
You miscast Searing Ray.
You are very lightly contaminated with residual magic.
Nothing appears to happen.
You are feeling hungry.
Nicolaieve's ghost completely misses you.
Nicolaieve's ghost hits you!
* * * LOW HITPOINT WARNING * * *
Nicolaieve's ghost hits you!
You die...

...#..#.....#..##########
#..........†...#..#.##..#
.........#.............#
..#......#.............#
..#......#..............
#...[..#..............
##..####.##.##.......#
##..####.#############
+....@W...# #....÷<...#
######.#..# ######


You could see nicolaieve's ghost.

Vanquished Creatures
  A hound (D:3)
  Terence (D:3)
  A worker ant (D:4)
  Robin (D:2)
  4 adders
  An ooze (D:3)
  2 worms (D:2)
  2 dart slugs
  2 leopard geckos
  2 orcs (D:3)
  8 bats
  3 giant cockroaches
  16 goblins
  11 hobgoblins
  2 jackals (D:1)
  5 kobolds
  A quokka (D:3)
  4 frilled lizards
  5 rats
72 creatures vanquished.

Notes
Turn   | Place    | Note
-------+----------+-------------------------------------------
     0 | D:1      | Lilu the Deep Elf Conjurer began the quest for the Orb.
     0 | D:1      | Reached XP level 1. HP: 10/10 MP: 6/6
   130 | D:1      | Reached XP level 2. HP: 10/15 MP: 0/8
   204 | D:1      | Learned a level 2 spell: Searing Ray
   248 | D:1      | Reached skill level 5 in Conjurations
   834 | D:1      | Reached XP level 3. HP: 18/19 MP: 4/9
  1406 | D:2      | Reached skill level 6 in Conjurations
  1505 | D:2      | Reached XP level 4. HP: 24/24 MP: 4/10
  1515 | D:2      | Learned a level 4 spell: Iskenderun's Mystic Blast
  1650 | D:2      | Noticed Robin
  1838 | D:2      | Killed Robin
  2374 | D:3      | Noticed Terence
  2386 | D:3      | Killed Terence
  2386 | D:3      | Reached skill level 7 in Conjurations
  2386 | D:3      | Reached XP level 5. HP: 28/28 MP: 3/11
  2821 | D:4      | Noticed nicolaieve's ghost (novice MiBe)
  2928 | D:4      | HP: 1/28 [nicolaieve's ghost (12)]
  2929 | D:4      | Mangled by nicolaieve's ghost

Skill      XL: |  1  2  3  4 |
---------------+-------------+-----
Conjurations   | 5 6 7 |  7.6
Dodging        | |  2.4
Stealth        | |  2.4
Spellcasting   | |  3.0

Action                   |  1- 3 |  4- 6 || total
-------------------------+-------+-------++-------
Melee: Unarmed           |     3 |       ||     3
       Spear             |       |    40 ||    40
 Cast: Magic Dart        |    59 |    29 ||    88
       Searing Ray       |     4 |     7 ||    11
  Use: Scroll            |     6 |       ||     6
 Stab: Sleeping          |       |     6 ||     6
  Eat: Chunk             |     2 |     4 ||     6
Armor: Robe              |     2 |     5 ||     7
Dodge: Dodged            |     9 |    28 ||    37
